 Dungeon Crawl Stone Soup version 0.17.1-3-g152610e (webtiles) character file.

102 kaze the Skirmisher (level 4, 0/29 HPs)
             Began as a Gargoyle Fighter on Mar 15, 2016.
             Slain by an orc
             ... wielding a +0 club
              (1 damage)
             ... on level 3 of the Dungeon.
             The game lasted 00:03:19 (1645 turns).

kaze the Skirmisher (Gargoyle Fighter)              Turns: 1645, Time: 00:03:20

Health: 0/29       AC: 10    Str: 26    XL:     4   Next: 77%
Magic:  4/4        EV:  8    Int:  8    God:
Gold:   130        SH: 10    Dex:  9    Spells: 0 memorised, 3 levels left

rFire  . . .     SeeInvis .     a - +0 war axe
rCold  . . .     Clarity  .     b - +0 scale mail
rNeg   + . .     SustAt   .     c - +0 shield
rPois  ∞         Gourm    .     (no helmet)
rElec  +         Spirit   .     (no cloak)
rCorr  .         Warding  .     (no gloves)
rMut   .         Stasis   .     (no boots)
MR     .....                    (no amulet)
Stlth  ..........               (no ring)
                                (no ring)

@: mighty, not resistant to hostile enchantments, extremely unstealthy
A: negative energy resistance 1, electricity resistance, unbreathing,
petrification resistance, rot immunity, AC +3
a: no special abilities


You were on level 3 of the Dungeon.
You were not hungry.

You visited 1 branch of the dungeon, and saw 3 of its levels.

You collected 130 gold pieces.

Inventory:

Hand Weapons
 a - a +0 war axe (weapon)
Armour
 b - a +0 scale mail (worn)
 c - a +0 shield (worn)
Scrolls
 f - 2 scrolls of fog {unknown}
 i - a scroll of remove curse {unknown}
 j - 2 scrolls of identify {unknown}
 k - a scroll of magic mapping {unknown}
 m - a scroll of random uselessness {unknown}
Potions
 h - a potion of ambrosia {unknown}
Comestibles
 e - 3 bread rations
 g - 3 meat rations
 l - 4 fruits


   Skills:
 + Level 4.1 Fighting
 + Level 2.4 Axes
 + Level 3.5 Armour
 + Level 1.2 Dodging
 + Level 4.1 Shields


You had 3 spell levels left.
You didn't know any spells.

Dungeon Overview and Level Annotations

Branches:
Dungeon (3/15)

Altars:
Yredelemnul

Annotations:
D:3 kaze's ghost, amateur GrFi


Innate Abilities, Weirdness & Mutations

You are resistant to torment.
Your stone body is resilient (AC +3).
You are immune to poison.
You resist negative energy.
You are resistant to electric shocks.
You can survive without breathing.
You are immune to petrification.
You are immune to rotting.


Message History

You closely miss the orc. You block kaze's ghost's attack.
The orc barely misses you.
Kaze's ghost hits you but does no damage.
You hit kaze's ghost but do no damage.
Kaze's ghost is moderately damaged.
You barely miss the orc. The orc hits you but does no damage.
Kaze's ghost hits you!
You hit kaze's ghost.
Kaze's ghost is heavily damaged.
You hit the orc.
The orc is severely wounded.
Kaze's ghost hits you!
* * * LOW HITPOINT WARNING * * *
The orc hits you but does no damage. You block kaze's ghost's attack.
Kaze's ghost screams, "Zot is a myth, the ORB is a fable, you'll soon be a tale!"
There is a stone staircase leading up here.
Drink which item? (? for menu, Esc to quit)
You feel very mighty all of a sudden. The orc hits you with a club.
You die...

# .# ###.#
#...#
#.#.#
#@..#
#o#....#
#..W..#..#
###.#.# .#
#..... #
... ...
:.#....#
#.#. ###
..#..


You could see kaze's ghost and an orc.

Vanquished Creatures
  4 adders
  2 oozes (D:2)
  3 worms (D:2)
  2 giant geckos
  4 giant cockroaches
  4 hobgoblins
  4 jackals (D:2)
  A quokka (D:2)
  4 ball pythons
  2 bats
  3 giant newts
  A goblin (D:2)
  8 kobolds
  9 rats
51 creatures vanquished.

Vanquished Creatures (others)
  5 toadstools (D:1)
5 creatures vanquished.

Grand Total: 56 creatures vanquished

Notes
Turn   | Place    | Note
--------------------------------------------------------------
     0 | D:1      | kaze the Gargoyle Fighter began the quest for the Orb.
     0 | D:1      | Reached XP level 1. HP: 14/14 MP: 1/1
   158 | D:1      | Reached XP level 2. HP: 13/19 MP: 2/2
   601 | D:1      | Reached XP level 3. HP: 24/24 MP: 3/3
   910 | D:2      | Reached skill level 4 in Fighting
   910 | D:2      | Reached XP level 4. HP: 24/29 MP: 4/4
   915 | D:2      | Reached skill level 1 in Dodging
  1472 | D:2      | Found a basalt altar of Yredelemnul.
  1634 | D:3      | Noticed kaze's ghost (amateur GrFi)
  1643 | D:3      | HP: 1/29 [kaze's ghost (11)]
  1645 | D:3      | Slain by an orc

Action                   |  1- 3 |  4- 6 || total
-------------------------+-------+-------++-------
Melee: War axe           |   155 |   118 ||   273
  Use: Potion            |       |     1 ||     1
  Eat: Meat ration       |       |     1 ||     1
